cohdb
Replays
Latest Replays
All Replays
Popular Replays
Top Player Replays
Match Explorer
How It Works
Community
CoH3 Stats
Reddit
Sign in to upload your games and track your stats! →
Sign in with Steam
Match 45979196
Unlisted
Match 45979196
Overview
Messages
Build Orders
End
Kradschützen Motorcycle Team
Panzergrenadier Squad
250 Light Carrier
Construct Light Support Kompanie
MG34 Team
Assault Grenadier Squad
Fire Support Elements
Veteran Squad Leaders
Panzerjäger Mechanized Group
Vehicle Survival Package
Selects Panzerjäger Kommand Battlegroup
Selects Mine Fields
Selects Tank Busters
Panzerjäger Squad
Construct Panzerarmee Kommand
2.5-tonne Medical Truck
Selects Defensive Positions
Selects Butterfly Bomb Drop
Walking Stuka Rocket Launcher
~TAB~ THUND3RCHUNKY
Six Pounder
FooKilla
BassAngler5000
0
0
Comments
sign in to comment!
No comments posted yet!